 Dungeon Crawl Stone Soup version 0.32-a0-656-g3542139 (webtiles) character file.

Game seed: 9314287053228004092

177560 sdynet the Stormcaller (level 18, -4/114 HPs)
             Began as a Tengu Air Elementalist on Mar 7, 2024.
             Was the Champion of Vehumet.
             Shot with an arrow by Vashnia (28 damage)
             ... on level 3 of the Snake Pit on Mar 8, 2024.
             The game lasted 02:17:47 (35162 turns).

sdynet the Stormcaller (Tengu Air Elementalist)    Turns: 35162, Time: 02:17:48

Health: -4/114     AC: 12    Str: 10    XL:     18   Next: 17%
Magic:  0/39       EV: 14    Int: 26    God:    Vehumet [******]
Gold:   2518       SH:  5    Dex: 16    Spells: 4/49 levels left

rFire   + + .        a - staff of air
rCold   + + .        e - +0 buckler "Wak Tues" {rElec Regen+}
rNeg    + . .        f - +1 ring mail of Temperance {rF++}
rPois   +            N - +1 hat
rElec   +            x - +1 cloak
rCorr   +            z - +1 pair of gloves {hurl}
SInv    .            (boots unavailable)
Will    +....        U - amulet of guardian spirit
Stlth   ++           E - ring of Untruth {Fly rN+ Int+5}
HPRegen 1.19/turn    o - ring of ice
MPRegen 0.26/turn

%: acrobat, clarity, guardian spirit
@: brilliant, resistant, flying
A: beak, talons 3, evasive flight, acrobatic, clarity, deformed body, wild magic
1
a: Renounce Religion


You were on level 3 of the Snake Pit.
You worshipped Vehumet.
Vehumet was exalted by your worship.
You visited 6 branches of the dungeon, and saw 29 of its levels.

You collected 4297 gold pieces.
You spent 1779 gold pieces at shops.

Inventory:

Hand Weapons
 b - the +1 whip of the Wizarding Gods {flame, *Rage rC+ Will+ rCorr, !a}
   (You found it on level 2 of the Lair of Beasts)

   rC+:       It protects you from cold.
   Will+:     It increases your willpower.
   *Rage:     It berserks you when you make melee attacks (+20% chance).
   rCorr:     It protects you from acid and corrosion.
Missiles
 k - 4 throwing nets
 Z - 24 poisoned darts
Armour
 c - a +0 ring mail of willpower
 e - the +0 buckler "Wak Tues" (worn) {rElec Regen+}
   (You acquired it on level 1 of the Lair of Beasts)

   rElec:     It insulates you from electricity.
   Regen+:    It increases your rate of health regeneration.
 f - the +1 ring mail of Temperance (worn) {rF++}
   (You found it on level 3 of the Dungeon)

   rF++:      It greatly protects you from fire.
 x - a +1 cloak (worn)
 z - a +1 pair of gloves of hurling (worn)
 N - a +1 hat (worn)
Magical Staves
 a - a staff of air (weapon)
Jewellery
 j - a ring of wizardry
 o - a ring of ice (right hand)
 u - the ring "Ockiaky" {Fly Will+ Dex+6 Stlth+}
   (You found it on level 2 of the Snake Pit)

   [ring of dexterity]

   Dex+6:     It affects your dexterity (+6).
   Will+:     It increases your willpower.
   Fly:       It grants you flight.
   Stlth+:    It makes you more stealthy.
 E - the ring of Untruth (left hand) {Fly rN+ Int+5}
   (You found it on level 2 of the Snake Pit)

   [ring of flight]

   Int+5:     It affects your intelligence (+5).
   rN+:       It protects you from negative energy.
   Fly:       It grants you flight.
 F - a ring of protection from fire
 G - a +5 ring of evasion
 U - an amulet of guardian spirit (around neck)
Wands
 A - a wand of charming (18)
 D - a wand of light (4)
 K - a wand of iceblast (14)
 T - a wand of flame (22)
 X - a wand of mindburst (8)
Scrolls
 i - a scroll of amnesia
 m - 9 scrolls of teleportation {!r}
 r - 8 scrolls of revelation {!r}
 t - 3 scrolls of enchant armour
 v - 7 scrolls of poison
 y - 7 scrolls of fear {!r}
 J - 4 scrolls of vulnerability
 L - 3 scrolls of fog {!r}
 O - a scroll of blinking
 R - a scroll of silence {!r}
 V - a scroll of immolation
Potions
 d - 8 potions of curing {!q}
 g - 2 potions of magic {!q}
 h - 2 potions of heal wounds {!q}
 l - a potion of brilliance {!q}
 n - 2 potions of ambrosia {!q}
 q - a potion of resistance {!q}
 s - a potion of berserk rage {!q}
 B - a potion of enlightenment {!q!q}
 C - 3 potions of attraction
 H - 4 potions of haste {!q}
 P - 2 potions of lignification {!q}
 S - a potion of cancellation {!q}
 Y - 2 potions of invisibility {!q}
Miscellaneous
 Q - a box of beasts (inert)


   Skills:
 + Level 13.2 Fighting
 + Level 14.0 Armour
 - Level 2.1 Dodging
 - Level 3.0 Stealth
 - Level 3.0 Shields
 - Level 16.3 Spellcasting
 - Level 17.0 Conjurations
 - Level 1.0 Hexes
 - Level 1.0 Necromancy
 - Level 1.0 Translocations
 - Level 3.0 Ice Magic
 - Level 18.0 Air Magic
 - Level 6.0 Alchemy


You had 4 spell levels left.
You knew the following spells:

 Your Spells              Type           Power      Damage    Failure   Level
a - Mercury Vapours       Alch/Air       100%       N/A       1%          2
b - Vhi's Electric Charg  Tloc/Air       100%       N/A       2%          4
c - Airstrike             Air            73%        2d(11-27) 1%          4
d - Arcjolt               Conj/Air       72%        1d82      1%          5
e - Iskenderun's Mystic   Conj/Tloc      93%        2d18      1%          4
f - Freezing Cloud        Conj/Ice/Air   77%        6-21      1%          5
g - Conjure Ball Lightni  Conj/Air       72%        3x3d27    1%          6
i - Shock                 Conj/Air       100%       1d9       1%          1
I - Iskenderun's Battles  Conj           100%       2d15      1%          5
O - Olgreb's Toxic Radia  Alch           80%        N/A       2%          4
Y - Yara's Violent Unrav  Hex/Alch       33%        3d14      16%         5

Your spell library contained the following spells:

 Spells                   Type           Power      Damage    Failure   Level
 Ozocubu's Refrigeration  Ice            41%        4d16      98%         7
 Sting                    Conj/Alch      100%       1d9       1%          1
 Momentum Strike          Conj/Tloc      100%       3d10      1%          2
 Static Discharge         Conj/Air       100%       3-8/arc   1%          2
 Dazzling Flash           Conj/Hex       100%       N/A       1%          3
 Stone Arrow              Conj/Erth      100%       3d13      1%          3
 Swiftness                Air            100%       N/A       1%          3
 Brom's Barrelling Bould  Conj/Erth      91%        2d10      1%          4
 Sandblast                Erth           82%        2d17      3%          1
 Volatile Blastmotes      Fire/Tloc      92%        2d17      6%          3
 Apportation              Tloc           100%       N/A       7%          1
 Necrotise                Necr           100%       1d9       7%          1
 Slow                     Hex            100%       N/A       7%          1
 Ozocubu's Armour         Ice            82%        N/A       10%         3
 Summon Small Mammal      Summ           100%       N/A       11%         1
 Blink                    Tloc           100%       N/A       11%         2
 Lesser Beckoning         Tloc           100%       N/A       11%         2
 Call Imp                 Summ           82%        N/A       14%         2
 Confusing Touch          Hex            51%        N/A       19%         3
 Fugue of the Fallen      Necr           51%        N/A       19%         3
 Sigil of Binding         Hex            51%        N/A       19%         3
 Vampiric Draining        Necr           51%        2d9       19%         3
 Leda's Liquefaction      Alch/Erth      32%        N/A       26%         4
 Call Canine Familiar     Summ           41%        N/A       28%         3
 Passwall                 Erth           41%        N/A       28%         3
 Dimensional Bullseye     Hex/Tloc       25%        N/A       50%         4
 Manifold Assault         Tloc           51%        N/A       50%         4
 Passage of Golubria      Tloc           51%        N/A       50%         4
 Martyr's Knell           Necr/Summ      46%        N/A       56%         4
 Summon Blazeheart Golem  Fire/Summ      41%        N/A       63%         4
 Orb of Destruction       Conj           59%        9d14      2%          7
 Plasma Beam              Fire/Air       57%        2x1d73    10%         6
 Maxwell's Capacitive Co  Air            73%        ∞         10%         8
 Bombard                  Conj/Erth      45%        9d8       11%         6
 Starburst                Conj/Fire      45%        6d13      11%         6
 Spellforged Servitor     Conj/Summ      45%        N/A       45%         7
 Lee's Rapid Deconstruct  Erth           20%        3d12*     47%         5
 Metabolic Englaciation   Hex/Ice        37%        N/A       71%         5
 Curse of Agony           Necr           51%        N/A       83%         5
 Sculpt Simulacrum        Ice/Alch       46%        N/A       89%         6
 Summon Cactus Giant      Summ           20%        N/A       100%        6


Dungeon Overview and Level Annotations

Branches:
Dungeon (15/15)            Temple (1/1) D:4            Lair (5/5) D:8
  Swamp (3/4) Lair:2        Snake (3/4) Lair:2        Slime (0/5) Lair:4
    Orc (2/2) D:9             Elf (0/3) Orc:2        Vaults (0/5) D:13
 Depths (0/4) D:15

Altars:
Ashenzari
Cheibriados
Dithmenos
Elyvilon
Fedhas
Gozag
Hepliaklqana
Kikubaaqudgha
Makhleb
Nemelex Xobeh
Okawaru
Qazlal
Ru
Sif Muna
Trog
Uskayaw
Vehumet
Wu Jian
Xom
Yredelemnul
Zin
The Shining One
Beogh
Jiyva

Shops:
D:15 (   Orc:2 !**?

Annotations:
Swamp:3 Mlioglotl
Snake:3 Vashnia


Innate Abilities, Weirdness & Mutations

You have a beak for a mouth.
You have claws for feet.
Your magical flight helps you evade attacks. (EV +4)
You can magically evade attacks while moving or waiting.
You possess an exceptional clarity of mind.
Armour fits poorly on your strangely shaped body.
Your spells are a little harder to cast, but a little more powerful.


Message History

You kill your butterfly!
Your butterfly disappears in a burst of colours!
Vashnia is struck by an electric surge!
Vashnia is severely wounded.
Your butterfly is struck by an electric surge!!!
You kill your butterfly!
Your butterfly disappears in a burst of colours!
The salamander mystic is struck by an electric surge!!!!
You kill the salamander mystic!
Vehumet accepts your kill.
You feel your power returning.
The salamander is struck by an electric surge!!!!
You kill the salamander!
Vehumet accepts your kill.
The salamander hits you from afar with a +0 trident.
* * * LOW HITPOINT WARNING * * *
You are engulfed in flames.
You resist.
* * * LOW HITPOINT WARNING * * *
Vashnia shoots an arrow.
The arrow misses you.
Casting: Arcjolt (safe; 1% risk of failure)
Press: ? - help, Q - select action, (/) - cycle Dir - look around, f - activate You feel a strong surge of power!
Electricity surges outward!
The salamander is struck by an electric surge!!
You kill the salamander!
Vehumet accepts your kill.
You feel your power returning.
Vashnia is struck by an electric surge!
Vashnia is almost dead.
Your Armour skill increases to level 14!
Aiming: Iceblast
Press: ? - help, Shift-Dir - straight line, f - Vashnia
Aim: Vashnia, wielding a +0 longbow and wearing a +1 barding of fire resistance (almost dead, blind, unable to see you, catching her breath)
The mass of ice explodes!
The iceblast engulfs Vashnia.
Vashnia is almost dead.
Vashnia is no longer blind.
Your butterfly is engulfed in freezing vapours.
You kill your butterfly!
Your butterfly disappears in a burst of colours!
Vashnia shoots an arrow.
The arrow hits you!!
You die...
Vashnia says, "Intruder eliminated."

#.########.... #.#
##... #.# ##.. #.#
##. #.# ###' #.# #...
###########.# #...
..).........# #...
...).N.@...## #...
#######'#### ##'#
.... ##... #.§.§§§
#.... +§§§§§§.
+.######....
+§§§§§§..#......'....
+§§§§§§.##.....†'....
#.§§§..##########....
##...


You could see Vashnia (catching breath).

Vanquished Creatures
  Saint Roka (Snake:3)
  Rupert (D:12)
  The ghost of Hiysiah Usue the Bludgeoner, an adept DsFi of Yredelemnul (Snake:2)
  3 azure jellies (Lair:4)
  Aizul (Snake:1)
  An ironbound preserver (D:13)
  Azrael (Orc:2)
  Snorg (D:14)
  A bunyip (Swamp:1)
  The ghost of arrowsters the Zephyrmancer, a journeyman HuAE of Sif Muna (Lair:2)
  An ice dragon (Lair:5)
  2 catoblepae
  6 hydras
  3 two-headed ogres
  7 alligators
  9 centaur warriors
  10 anacondas
  5 boulder beetles
  5 tengu warriors
  3 orc high priests (Orc:2)
  Urug (Lair:5)
  An occultist (D:13)
  6 naga warriors
  A storm dragon zombie (D:15)
  8 naga sharpshooters
  3 shock serpents (Snake:1)
  2 skysharks
  7 goliath frogs
  Amaemon (Lair:2)
  A fire crab (Lair:5)
  A spriggan druid (Swamp:2)
  7 skeletal warriors (D:15)
  3 salamander mystics
  A flayed ghost (D:15)
  4 mana vipers
  2 swamp dragons
  3 bog bodies (Swamp:1)
  A lindwurm (Lair:2)
  2 naga ritualists (Snake:1)
  4 deep elf pyromancers
  8 orc knights
  A necromancer (D:15)
  A deep elf zephyrmancer (D:13)
  28 salamanders
  14 ugly things
  9 orc sorcerers
  10 cyclopes
  A wolf spider (Lair:5)
  A will-o-the-wisp (Swamp:2)
  4 manticores
  A moth of wrath (Snake:2)
  5 kobold blastminers
  24 black mambas
  8 naga magi (Snake:2)
  A gargoyle (D:13)
  2 torpor snails (Lair:4)
  5 guardian serpents
  An orange demon (Lair:2)
  14 cane toads
  An unseen horror zombie (D:9)
  An unseen horror (D:13)
  A kobold demonologist (D:12)
  12 komodo dragons
  5 rime drakes
  10 yaktaurs (D:15)
  2 tengu conjurers (D:14)
  2 polar bears
  5 tyrant leeches
  10 hornets
  4 trolls
  26 blink frogs
  A spriggan zombie (D:15)
  A shadow (D:12)
  A centaur simulacrum (D:15)
  17 wyverns
  13 slime creatures
  A wraith (D:11)
  Sigmund (D:2)
  9 basilisks
  5 fire elementals (Orc:2)
  A vampire (D:11)
  Eustachio (D:5)
  9 spriggans
  A yak (shapeshifter) (D:13)
  65 yaks
  4 steam dragons
  7 wargs
  2 redbacks (Lair:5)
  4 vampire mosquitoes (D:15)
  12 swamp worms
  33 nagas
  A hell hound (Orc:2)
  5 acid dragons
  20 water moccasins
  An ice beast (D:7)
  6 swamp drakes
  24 orc warriors
  2 laughing skulls (D:13)
  A hornet zombie (D:9)
  A sky beast (D:6)
  2 black bears
  5 ogres
  18 wolves
  4 boggarts (Lair:2)
  14 centaurs
  2 phantoms
  2 kobold brigands
  A weeping skull (D:9)
  12 bullfrogs
  3 gnoll sergeants
  4 scorpions
  A hornet simulacrum (D:15)
  16 wights
  4 killer bees (D:9)
  An electric eel (Lair:2)
  4 howler monkeys
  A bombardier beetle (D:4)
  5 lava snakes (Snake:2)
  6 hounds
  A bullfrog skeleton (D:4)
  19 orc priests
  4 centaur zombies (D:9)
  3 jellies
  Crazy Yiuf (D:2)
  A gnoll bouda (D:9)
  A human zombie (D:9)
  8 iguanas
  25 orc wizards
  Natasha (thrice) (D:4)
  A mummy (D:9)
  A howler monkey zombie (D:9)
  A howler monkey skeleton (D:4)
  21 gnolls
  6 adders
  A hound simulacrum (D:4)
  6 ufetubi
  An adder zombie (D:4)
  An adder skeleton (D:4)
  2 ribbon worms (D:2)
  5 dart slugs
  78 orcs
  6 endoplasms
  A giant cockroach (D:4)
  11 goblins
  2 hobgoblins
  2 jackals (D:3)
  2 quokkas (D:1)
  14 ball pythons
  14 bats
  4 frilled lizards
  17 kobolds
  3 rats
  A spectral quokka (D:4)
960 creatures vanquished.

Vanquished Creatures (others)
  An orc wizard (Orc:2)
  A kobold (D:6)
  244 ball lightnings
246 creatures vanquished.

Grand Total: 1206 creatures vanquished

Notes
Turn   | Place    | Note
-------+----------+-------------------------------------------
     0 | D:1      | sdynet the Tengu Air Elementalist began the quest for the
                  | Orb.
     0 | D:1      | Reached XP level 1. HP: 10/10 MP: 4/4
   249 | D:1      | Reached XP level 2. HP: 10/15 MP: 0/6
   529 | D:1      | Learned a level 2 spell: Static Discharge
   942 | D:1      | Reached XP level 3. HP: 18/19 MP: 0/8
  1760 | D:2      | Found a runed translucent door.
  1761 | D:2      | Noticed Crazy Yiuf
  1876 | D:2      | Noticed Sigmund
  2043 | D:2      | Killed Sigmund
  2044 | D:2      | Reached skill level 5 in Air Magic
  2044 | D:2      | Reached XP level 4. HP: 17/24 MP: 1/11
  2044 | D:2      | Reached XP level 5. HP: 20/28 MP: 1/12
  2463 | D:2      | Identified a scroll of acquirement
  2545 | D:2      | Learned a level 4 spell: Airstrike
  2644 | D:3      | Reached XP level 6. HP: 23/32 MP: 6/13
  3029 | D:3      | Identified the +1 ring mail of Temperance {rF++}
  3695 | D:4      | Noticed Natasha
  3710 | D:4      | Killed Natasha
  3714 | D:4      | Noticed Natasha
  3725 | D:4      | Killed Natasha
  3726 | D:4      | Reached skill level 6 in Air Magic
  3759 | D:4      | Gained mutation: Your magical flight helps you evade
                  | attacks. (EV +4) [Tengu growth]
  3759 | D:4      | Reached XP level 7. HP: 35/36 MP: 6/15
  3770 | D:4      | Reached skill level 5 in Spellcasting
  3776 | D:4      | Identified the +3 dagger of Plog {pain, rElec Dex+3}
  3937 | D:4      | Noticed Natasha
  3943 | D:4      | Killed Natasha
  4225 | D:4      | Reached skill level 5 in Conjurations
  4310 | D:4      | Found a staircase to the Ecumenical Temple.
  4324 | Temple   | Entered the Ecumenical Temple
  4330 | Temple   | Became a worshipper of Vehumet
  4701 | D:5      | Entered Level 5 of the Dungeon
  4801 | D:5      | Reached XP level 8. HP: 41/41 MP: 8/18
  4807 | D:5      | Reached skill level 7 in Air Magic
  4815 | D:5      | Reached skill level 1 in Necromancy
  5270 | D:5      | Noticed Eustachio
  5277 | D:5      | Killed Eustachio
  5280 | D:5      | Reached * piety under Vehumet
  5280 | D:5      | Offered knowledge of Magic Dart by Vehumet.
  5328 | D:5      | Reached skill level 8 in Air Magic
  5902 | D:6      | Found a white marble altar of Elyvilon.
  5902 | D:6      | Found a shimmering altar of Xom.
  5902 | D:6      | Found a shadowy altar of Dithmenos.
  5902 | D:6      | Found an opulent altar of Gozag.
  5985 | D:6      | Reached XP level 9. HP: 20/46 MP: 19/21
  6178 | D:6      | Reached skill level 1 in Armour
  6221 | D:6      | Reached skill level 1 in Fighting
  6362 | D:6      | Found a snail-covered altar of Cheibriados.
  6445 | D:6      | Found a bloodstained altar of Trog.
  6447 | D:6      | Found a sparkling altar of Nemelex Xobeh.
  7377 | D:2      | Killed Crazy Yiuf
  7505 | D:7      | Reached skill level 9 in Air Magic
  7768 | D:7      | Learned a level 5 spell: Arcjolt
  8698 | D:8      | Reached ** piety under Vehumet
  8698 | D:8      | Offered knowledge of Mercury Vapours by Vehumet.
  8699 | D:8      | Reached XP level 10. HP: 56/56 MP: 18/23
  8703 | D:8      | Learned a level 2 spell: Mercury Vapours
  9504 | D:8      | Reached skill level 10 in Air Magic
  9577 | D:8      | Found a staircase to the Lair.
  9721 | D:8      | Identified the +3 quarterstaff of Dissent {spect, rN+
                  | Int+4}
  9992 | D:9      | Reached skill level 10 in Spellcasting
  9993 | D:9      | Reached skill level 5 in Fighting
  9993 | D:9      | Offered knowledge of Dazzling Flash by Vehumet.
 10128 | D:9      | Reached *** piety under Vehumet
 10298 | D:9      | Found a staircase to the Orcish Mines.
 10507 | D:9      | Found a basalt altar of Yredelemnul.
 10518 | D:9      | Reached XP level 11. HP: 42/64 MP: 17/26
 10712 | D:9      | Reached skill level 11 in Air Magic
 10712 | D:9      | Offered knowledge of Iskenderun's Mystic Blast by Vehumet.
 10722 | D:9      | Learned a level 4 spell: Iskenderun's Mystic Blast
 11030 | D:10     | Entered Level 10 of the Dungeon
 11218 | D:10     | Noticed a two-headed ogre
 11224 | D:10     | Killed a two-headed ogre
 11702 | D:10     | Learned a level 4 spell: Vhi's Electric Charge
 11892 | D:11     | Noticed a two-headed ogre
 11898 | D:11     | Killed a two-headed ogre
 11899 | D:11     | Reached skill level 1 in Alchemy
 12007 | D:11     | Reached skill level 1 in Translocations
 12331 | D:12     | Noticed a cyclops
 12337 | D:12     | Killed a cyclops
 12341 | D:12     | Noticed Rupert
 12445 | Lair:1   | Entered Level 1 of the Lair of Beasts
 12516 | Lair:1   | Reached skill level 10 in Conjurations
 12789 | Lair:1   | Reached **** piety under Vehumet
 12791 | Lair:1   | Reached XP level 12. HP: 47/71 MP: 20/28
 12797 | Lair:1   | Reached skill level 12 in Air Magic
 13621 | Lair:2   | Offered knowledge of Olgreb's Toxic Radiance by Vehumet.
 13635 | Lair:1   | Learned a level 4 spell: Olgreb's Toxic Radiance
 13849 | Lair:2   | Reached skill level 1 in Shields
 13887 | Lair:2   | Noticed an eight-headed hydra
 13893 | Lair:2   | Killed an eight-headed hydra
 14098 | Lair:2   | Noticed Amaemon
 14099 | Lair:2   | Found a large runed translucent door.
 14099 | Lair:2   | Found a large runed translucent door.
 14105 | Lair:2   | Killed Amaemon
 14225 | Lair:2   | Noticed arrowsters's ghost (journeyman HuAE)
 14255 | Lair:2   | Found a staircase to the Snake Pit.
 14501 | Lair:2   | Found a staircase to the Swamp.
 14890 | Lair:2   | Reached XP level 13. HP: 65/79 MP: 19/30
 15053 | Lair:2   | Killed arrowsters's ghost
 15061 | Lair:2   | Identified the +1 whip of the Wizarding Gods {flame, *Rage
                  | rC+ Will+ rCorr}
 15205 | Lair:3   | Reached skill level 5 in Armour
 15347 | Lair:3   | Reached ***** piety under Vehumet
 15347 | Lair:3   | Offered knowledge of Fireball by Vehumet.
 15348 | Lair:3   | Reached skill level 13 in Air Magic
 15492 | Lair:3   | Learned a level 5 spell: Iskenderun's Battlesphere
 17345 | Lair:4   | Offered knowledge of Yara's Violent Unravelling by Vehumet.
 17352 | Lair:4   | Learned a level 5 spell: Yara's Violent Unravelling
 17544 | Lair:4   | Found a runed translucent door.
 17550 | Lair:4   | Found a viscous altar of Jiyva.
 17550 | Lair:4   | Noticed an azure jelly
 17551 | Lair:4   | Found a staircase to the Slime Pits.
 17551 | Lair:4   | Noticed an azure jelly
 17551 | Lair:4   | Noticed an azure jelly
 17559 | Lair:4   | Killed an azure jelly
 17560 | Lair:4   | Killed an azure jelly
 17560 | Lair:4   | Killed an azure jelly
 17561 | Lair:4   | Reached skill level 1 in Hexes
 18182 | Lair:5   | Entered Level 5 of the Lair of Beasts
 18187 | Lair:5   | Reached skill level 5 in Alchemy
 18370 | Lair:5   | Reached XP level 14. HP: 86/86 MP: 20/31
 18428 | Lair:5   | Reached skill level 14 in Air Magic
 18529 | Lair:5   | Noticed Urug
 18534 | Lair:5   | Killed Urug
 20562 | Lair:5   | Reached skill level 15 in Air Magic
 20931 | Orc:1    | Entered Level 1 of the Orcish Mines
 21312 | Orc:2    | Entered Level 2 of the Orcish Mines
 21318 | Orc:2    | Offered knowledge of Eringya's Noxious Bog by Vehumet.
 21794 | Orc:2    | Noticed Azrael
 21795 | Orc:2    | Reached ****** piety under Vehumet
 21804 | Orc:2    | Killed Azrael
 21807 | Orc:2    | Reached XP level 15. HP: 42/90 MP: 12/33
 21959 | Orc:2    | Found a staircase to the Elven Halls.
 22208 | Orc:2    | Found Keiq's Magic Scroll Boutique.
 22213 | Orc:2    | Found Nies's General Store.
 22420 | Orc:2    | Bought a scroll of identify for 26 gold pieces
 22425 | Orc:2    | Found Hocopp's Distillery.
 22427 | Orc:2    | Found Daug's Assorted Antiques.
 22481 | Orc:1    | Found a roughly hewn altar of Beogh.
 22706 | Orc:2    | Bought a ring of wizardry for 480 gold pieces
 22706 | Orc:2    | Bought a scroll of fear for 64 gold pieces
 22706 | Orc:2    | Bought a potion of enlightenment for 80 gold pieces
 22708 | Orc:2    | Bought a scroll of fear for 52 gold pieces
 22708 | Orc:2    | Bought a scroll of fog for 52 gold pieces
 22718 | Orc:2    | Bought a potion of haste for 180 gold pieces
 22718 | Orc:2    | Bought a potion of enlightenment for 90 gold pieces
 22718 | Orc:2    | Bought a potion of heal wounds for 90 gold pieces
 22718 | Orc:2    | Bought a potion of resistance for 180 gold pieces
 22718 | Orc:2    | Bought 2 potions of attraction for 108 gold pieces
 22720 | Orc:2    | Bought a potion of heal wounds for 145 gold pieces
 22720 | Orc:2    | Bought a potion of mutation for 232 gold pieces
 22869 | D:11     | Offered knowledge of Freezing Cloud by Vehumet.
 22876 | D:11     | Learned a level 5 spell: Freezing Cloud
 23276 | D:12     | Killed Rupert
 23277 | D:12     | Reached skill level 15 in Conjurations
 23508 | D:12     | Reached skill level 1 in Ice Magic
 23726 | D:12     | Reached skill level 16 in Air Magic
 24683 | D:13     | Found a gate to the Vaults.
 24694 | D:13     | Reached skill level 15 in Spellcasting
 25659 | D:13     | Found a radiant altar of Vehumet.
 25829 | D:14     | Noticed Snorg
 25832 | D:14     | Killed Snorg
 25833 | D:14     | Reached XP level 16. HP: 90/96 MP: 34/36
 26146 | D:14     | Found the +8 frozen axe "Frostbite" {freeze, freezing
                  | cloud, *Noise Fly rC+}
 26578 | D:15     | Entered Level 15 of the Dungeon
 26609 | D:15     | Reached skill level 17 in Air Magic
 26666 | D:15     | Found a staircase to the Depths.
 26680 | D:15     | Offered knowledge of Conjure Ball Lightning by Vehumet.
 26738 | D:14     | Learned a level 6 spell: Conjure Ball Lightning
 27130 | D:15     | Found Faishru's Antique Weapon Shoppe.
 27858 | D:15     | Found a sparkling altar of Nemelex Xobeh.
 28527 | Lair:1   | Acquired 1087 gold pieces
 28557 | Lair:1   | Gained mutation: Armour fits poorly on your strangely
                  | shaped body. [potion of mutation]
 28557 | Lair:1   | Gained mutation: You possess an exceptional clarity of
                  | mind. [potion of mutation]
 28557 | Lair:1   | Gained mutation: Your spells are a little harder to cast,
                  | but a little more powerful. [potion of mutation]
 28568 | Lair:1   | Acquired the +0 buckler "Wak Tues" {rElec Regen+}
 28659 | Swamp:1  | Entered Level 1 of the Swamp
 29418 | Swamp:2  | Offered knowledge of Irradiate by Vehumet.
 29421 | Swamp:2  | Reached skill level 18 in Air Magic
 29496 | Swamp:2  | Reached skill level 10 in Armour
 29540 | Swamp:2  | Reached XP level 17. HP: 46/101 MP: 38/38
 29591 | Swamp:2  | Reached skill level 10 in Fighting
 30061 | Swamp:3  | Noticed Mlioglotl
 30291 | Snake:1  | Entered Level 1 of the Snake Pit
 30672 | Snake:1  | Upgraded the game from 0.32-a0-643-ga006e77 to
                  | 0.32-a0-656-g3542139
 30885 | Snake:1  | Identified the serpent talisman of Qaghoc {rN+++ MP-9 Str+3
                  | Dex+4}
 30885 | Snake:1  | Noticed Aizul
 30892 | Snake:1  | Killed Aizul
 32131 | Snake:2  | Found a transporter.
 32785 | Snake:2  | You are sucked into a shaft and drop 1 floor!
 33207 | Snake:2  | Offered knowledge of Ozocubu's Refrigeration by Vehumet.
 33291 | Snake:2  | Noticed Hiysiah Usue's ghost (adept DsFi)
 33309 | Snake:2  | Found a transporter.
 34262 | Snake:2  | Killed Hiysiah Usue's ghost
 34263 | Snake:2  | Identified the ring of Untruth {Fly rN+ Int+5}
 34270 | Snake:2  | Identified the ring "Ockiaky" {Fly Will+ Dex+6 Stlth+}
 34280 | Snake:2  | Got the Atlas of the Akashic Mob
 34620 | Snake:3  | Reached XP level 18. HP: 84/106 MP: 24/39
 34875 | Snake:3  | Noticed Saint Roka
 34884 | Snake:3  | Killed Saint Roka
 34884 | Snake:3  | Paralysed by an orc sorcerer for 5 turns
 35143 | Snake:3  | Noticed Vashnia
 35153 | Snake:3  | HP: 1/114 [Vashnia/arrow (33)]
 35162 | Snake:3  | Shot with an arrow by Vashnia

Illustrated notes

Levels and vault maps discovered:
D:1:      grunt_arrival_crossed_arrows, layout_basic, serial_bayou_crossing
D:2:      layout_loops_cross, uniq_crazy_yiuf_cottage, uniq_sigmund
D:3:      layout_loops_ring
D:4:      layout_loops_ring, minmay_temple_entry_hall,
          minmay_misc_feat_more_columns, solitary_fountain,
          dilly_guarded_unrand_morg
D:5:      layout_basic, uniq_eustachio
D:6:      layout_basic, grunt_temple_overflow_open, cheibriados_altar_1
D:7:      layout_loops_ring
D:8:      layout_cave_pools, erik_lair_dragon
D:9:      layout_rooms, lemuel_mausoleum_altar_yredelemnul, orc_0_dummy
D:10:     layout_cave_pools
D:11:     layout_rooms
D:12:     layout_basic, minmay_orc_keep, uniq_rupert
D:13:     minmay_blocking_statues, layout_gridville,
          skrybe_vaults_entry_preservation, vehumet_crystals
D:14:     layout_roguey, dreamdust_mushroom_princess, uniq_snorg
D:15:     gammafunk_depths_entry_grave, layout_layer_cave, serial_ice,
          serial_ice_k, serial_ice_n, serial_ice_a, serial_ice_h,
          bh_walls_and_bars, serial_shops, shop, nemelex_spade_bored_becter
Temple:   eino_narrow_crystal_temple
Lair:1:   layout_loops_ring
Lair:2:   layout_big_grid, palyth_hydra_swamp_entry, nicolae_snake_entry_squirm,
          ebering_ghost_disaster_area, st_stairs_9, serial_bayou_ford_a,
          kilobyte_rumbling_trees, uniq_amaemon
Lair:3:   layout_regular_city, grunt_megastairs_3
Lair:4:   layout_regular_city, slime_entry_2, roderic_batcave
Lair:5:   hangedman_lair_tendril_chambers, layout_loops_ring,
          guppyfry_lair_end_dragon, infiniplex_staircase_pool_2, uniq_urug
Swamp:1:  layout_basic_swamp, nicolae_swamp_tree_designs
Swamp:2:  layout_basic_swamp, infiniplex_staircase_pool
Swamp:3:  layout_falls_marsh, nicolae_swamp_ascending_descending_big,
          nicolae_swamp_decorative_isthmus, uniq_mlioglotl
Snake:1:  layout_basic, nicolae_integral_box, uniq_aizul
Snake:2:  layout_gridlike, gammafunk_ghost_berserking_beasts,
          nicolae_snake_salamander_zone, serial_bayou_shore_b
Snake:3:  layout_gridlike, uniq_vashnia, uniq_saint_roka
Orc:1:    layout_caves, basic_altar, sword_in_stone
Orc:2:    st_orc_elflike, layout_caves, uniq_azrael

Skill      XL: |  1  2  3  4  5  6  7  8  9 10 11 12 13 14 15 16 17 18 |
---------------+-------------------------------------------------------+-----
Conjurations   | 2 3 4 5 7 9 10 11 12 14 15 17 | 17.0
Spellcasting   | 4 6 7 8 10 11 12 13 15 16 | 16.3
Air Magic      | 5 6 8 9 10 11 12 13 15 16 18 | 18.0
Necromancy     | 1 |  1.0
Armour         | 3 4 7 9 10 13 14 | 14.0
Fighting       | 3 5 6 8 9 12 13 | 13.2
Alchemy        | 1 3 5 6 |  6.0
Translocations | 1 |  1.0
Stealth        | 3 |  3.0
Shields        | 3 |  3.0
Hexes          | 1 |  1.0
Ice Magic      | 3 |  3.0
Dodging        | |  2.1

Action                     |  1- 3 |  4- 6 |  7- 9 | 10-12 | 13-15 | 16-18 || total
---------------------------+-------+-------+-------+-------+-------+-------++-------
  Melee: Unarmed           |     3 |       |       |       |       |       ||     3
         Kick              |     5 |     9 |    30 |     8 |    13 |       ||    65
         Dagger            |    14 |       |    58 |    14 |       |       ||    86
         Mace              |       |    46 |     5 |       |       |       ||    51
         Peck              |       |     8 |    12 |     6 |     3 |       ||    29
         Whip              |       |       |     5 |       |       |       ||     5
         Staff             |       |       |       |    17 |    27 |       ||    44
  Throw: Dart              |       |       |    18 |     8 |     5 |     5 ||    36
         Throwing net      |       |       |     1 |       |       |       ||     1
   Cast: Shock             |    62 |     2 |       |       |       |       ||    64
         Static Discharge  |     8 |    30 |    84 |     3 |       |       ||   125
         Airstrike         |       |     1 |    27 |    13 |    17 |    22 ||    80
         Arcjolt           |       |       |     3 |   134 |   177 |    64 ||   378
         Mercury Vapours   |       |       |       |     1 |     9 |       ||    10
         Olgreb's Toxic Ra |       |       |       |     9 |   116 |    11 ||   136
         Iskenderun's Batt |       |       |       |       |    77 |     9 ||    86
         Vhi's Electric Ch |       |       |       |       |     1 |       ||     1
         Iskenderun's Myst |       |       |       |       |     8 |       ||     8
         Freezing Cloud    |       |       |       |       |    15 |    37 ||    52
         Conjure Ball Ligh |       |       |       |       |       |   107 ||   107
  Evoke: Wand              |       |       |       |     1 |    19 |    18 ||    38
         Box of beasts     |       |       |       |       |       |     1 ||     1
    Use: Scroll            |     7 |     1 |    11 |     6 |     5 |     7 ||    37
         Potion            |     3 |     1 |     2 |     1 |     7 |    15 ||    29
   Stab: Sleeping          |     1 |     1 |     1 |     1 |       |       ||     4
         Distracted        |       |       |     1 |       |       |       ||     1
 Armour: Robe              |    17 |    32 |    18 |    73 |       |       ||   140
         Ring mail         |       |    50 |   161 |    19 |    85 |   261 ||   576
         Skin              |       |       |       |       |    11 |       ||    11
         Troll leather arm |       |       |       |       |    27 |    43 ||    70
  Dodge: Dodged            |    20 |    38 |   123 |   274 |   216 |   149 ||   820
  Block: Buckler           |       |       |       |    12 |    47 |    33 ||    92

Table legend: (Time is in decaauts)
 A = Elapsed time spent in this place.
 B = Non-inter-level travel time spent in this place.
 C = Inter-level travel time spent in this place.
 D = Time resting spent in this place.
 E = Time spent auto-exploring this place.
 F = Levels seen in this place.
 G = Mean time per level.
                   A        B        C        D        E       F      G
               +--------+--------+--------+--------+--------+-----+--------+
         Total |  35318 |  31461 |   3857 |    507 |  25549 |  29 | 1217.9 |
       Dungeon |  18637 |  16220 |   2417 |    381 |  12988 |  15 | 1242.5 |
        Temple |     12 |      7 |      5 |      0 |      0 |   1 |   12.0 |
          Lair |   9003 |   8235 |    768 |     95 |   6839 |   5 | 1800.6 |
         Swamp |   1466 |   1346 |    120 |      3 |    996 |   3 |  488.7 |
     Snake Pit |   4487 |   4092 |    395 |     28 |   3355 |   3 | 1495.7 |
  Orcish Mines |   1710 |   1560 |    150 |      0 |   1370 |   2 |  855.0 |
               +--------+--------+--------+--------+--------+-----+--------+

Top non-repeatable levels by time:
  Lair:2: 2185 daAuts
 Snake:1: 2087 daAuts
 Snake:2: 2033 daAuts
  Lair:5: 2032 daAuts
     D:8: 1982 daAuts
  Lair:4: 1899 daAuts
    D:13: 1542 daAuts
  Lair:3: 1516 daAuts
     D:1: 1447 daAuts
    D:15: 1405 daAuts
    D:14: 1376 daAuts
  Lair:1: 1369 daAuts
     D:9: 1295 daAuts
     D:4: 1234 daAuts
     D:2: 1215 daAuts
